 Dungeon Crawl Stone Soup version 0.31.0-11-ge490571c62 (webtiles) character file.

Game seed: 16424773914062649617

343 Arctor the Magician (level 6, -1/32 HPs)
             Began as a Deep Elf Fire Elementalist on Feb 1, 2024.
             Slain by an ogre
             ... wielding a +0 giant club
              (33 damage)
             ... on level 5 of the Dungeon.
             The game lasted 00:02:45 (3322 turns).

Arctor the Magician (Deep Elf Fire Elementalist)    Turns: 3322, Time: 00:02:46

Health: -1/32      AC:  6    Str:  5    XL:     6   Next: 31%
Magic:  21/24      EV: 13    Int: 22    God:
Gold:   256        SH:  0    Dex: 15    Spells: 7/14 levels left

rFire   . . .        t - staff of conjuration
rCold   . . .        (no shield)
rNeg    . . .        a - +0 robe
rPois   .            (no helmet)
rElec   .            (no cloak)
rCorr   .            (no gloves)
SInv    .            (no boots)
Will    .....        n - amulet of magic regeneration
Stlth   +++          i - ring of magical power
HPRegen 0.25/turn    y - +4 ring of protection
MPRegen 0.59/turn

%: no passive effects
@: no status effects
A: no striking features
a: no special abilities


You were on level 5 of the Dungeon.
You visited 1 branch of the dungeon, and saw 5 of its levels.

You collected 256 gold pieces.

Inventory:

Hand Weapons
 l - a +1 sling of electrocution
 s - a +1 dagger of venom
Armour
 a - a +0 robe (worn)
Magical Staves
 t - a staff of conjuration (weapon)
Jewellery
 i - a ring of magical power (left hand)
 n - an amulet of magic regeneration (around neck)
 q - a ring of magical power
 y - a +4 ring of protection (right hand)
Wands
 w - a wand of flame (11)
Scrolls
 c - 2 scrolls of vulnerability {unknown}
 d - 2 scrolls of identify {unknown}
 f - a scroll of fog {unknown}
 h - a scroll of teleportation {unknown}
 j - a scroll of enchant armour {unknown}
 k - 2 scrolls of noise {unknown}
 m - a scroll of immolation {unknown}
 o - a scroll of torment {unknown}
 p - a scroll of revelation {unknown}
 u - a scroll of fear {unknown}
 x - a scroll of poison {unknown}
Potions
 b - 2 potions of magic
 e - 3 potions of heal wounds {unknown}
 g - 2 potions of degeneration {unknown}
 r - a potion of might {unknown}
 v - a potion of curing {unknown}


   Skills:
 + Level 4.1 Dodging
 + Level 4.5 Stealth
 + Level 4.7 Spellcasting
 + Level 3.1 Conjurations
 + Level 4.6 Fire Magic


You had 7 spell levels left.
You knew the following spells:

 Your Spells              Type           Power      Damage    Failure   Level
a - Foxfire               Conj/Fire      100%       2x1d9     2%          1
b - Scorch                Fire           50%        2d7       2%          2
c - Flame Wave            Conj/Fire      33%        2d10      22%         4

Your spell library contained the following spells:

 Spells                   Type           Power      Damage    Failure   Level
 Inner Flame              Hex/Fire       15%        N/A       12%         3
 Volatile Blastmotes      Fire/Tloc      30%        2d12      12%         3


Dungeon Overview and Level Annotations

Branches:
Dungeon (5/15)
 Temple: D:4-7

Altars:
Elyvilon
Hepliaklqana
Trog
Wu Jian


Message History

Your foxfire dissipates! x2
Done exploring.
You feel a surge of power!
You conjure some foxfire!
Done exploring.
You feel a surge of power!
You conjure some foxfire!
Your foxfire dissipates! x2
Done exploring.
You feel a surge of power!
You conjure some foxfire!
Your foxfire dissipates!
Done exploring.
You feel a surge of power!
You conjure some foxfire!
Your foxfire dissipates! x3
Done exploring.
You feel a surge of power!
You conjure some foxfire!
You remove your ring of magical power.
You feel your magic capacity decrease.
y - a +4 ring of protection (right hand)
Your foxfire dissipates! x2
Done exploring.
Done exploring.
What level of the Dungeon? (default 4, ? - help)
Your foxfire dissipates!
Your foxfire dissipates!
There is a stone staircase leading down here.
You climb downwards.
The iguana hisses angrily.
The ogre shouts!
There is a stone staircase leading up here.
There are monsters nearby!
Search for what [Enter for "altar", or ? for help]? ego
Casting: Foxfire (safe; 2% risk of failure)
Confirm with . or Enter, or press ? or * to list all spells.
Flames lash the iguana.
The iguana is heavily wounded.
The iguana's fire resistance burns away.
Casting: Scorch (safe; 2% risk of failure)
Confirm with . or Enter, or press ? or * to list all spells.
Flames lash the iguana.
The iguana is burned terribly!
You kill the iguana!
The ogre hits you with a +0 giant club!!
Ouch! That really hurt!
You die...

#+ #. #.
####.####
#.......#
#.......#
#..@#
#.O........
#.###.#####
... .# #..
# ###


You could see an ogre.

Vanquished Creatures
  An ice beast (D:4)
  Blork the orc (D:4)
  A scorpion (D:4)
  2 hounds
  An iguana (D:5)
  An adder (D:3)
  2 ribbon worms
  A dart slug (D:2)
  4 orcs (D:3)
  2 bats (D:3)
  6 endoplasms
  A giant cockroach (D:1)
  3 hobgoblins
  3 jackals (D:3)
  2 kobolds
  A quokka (D:2)
  3 ball pythons (D:2)
  2 frilled lizards
  5 goblins
  11 rats
53 creatures vanquished.

Vanquished Creatures (others)
  327 foxfires
327 creatures vanquished.

Grand Total: 380 creatures vanquished

Notes
Turn   | Place    | Note
-------+----------+-------------------------------------------
     0 | D:1      | Arctor the Deep Elf Fire Elementalist began the quest for
                  | the Orb.
     0 | D:1      | Reached XP level 1. HP: 10/10 MP: 6/6
   515 | D:1      | Reached XP level 2. HP: 15/15 MP: 4/8
   953 | D:2      | Found an ornate altar of the Wu Jian Council.
  1061 | D:2      | Learned a level 2 spell: Scorch
  1340 | D:2      | Reached XP level 3. HP: 19/19 MP: 9/9
  1914 | D:3      | Reached XP level 4. HP: 24/24 MP: 11/11
  2347 | D:3      | Found a hazy altar of Hepliaklqana.
  2410 | D:3      | Learned a level 4 spell: Flame Wave
  2703 | D:4      | Noticed a scorpion
  2708 | D:4      | Killed a scorpion
  2709 | D:4      | Reached XP level 5. HP: 28/28 MP: 13/13
  2870 | D:4      | Noticed Blork the orc
  2876 | D:4      | Killed Blork the orc
  3041 | D:4      | Found a white marble altar of Elyvilon.
  3046 | D:4      | Found a bloodstained altar of Trog.
  3061 | D:4      | Noticed an ice beast
  3068 | D:4      | Killed an ice beast
  3069 | D:4      | Reached XP level 6. HP: 32/32 MP: 15/15
  3320 | D:5      | Entered Level 5 of the Dungeon
  3322 | D:5      | Slain by an ogre

Illustrated notes

Levels and vault maps discovered:
D:1:      dpeg_arrival_ratfight, layout_loops_cross
D:2:      layout_rooms, basic_altar
D:3:      layout_basic, mainiacjoe_overflow_alcove_4,
          chequers_serial_rivers_small_3, chequers_serial_rivers_room_b,
          roderic_three_in_a_row
D:4:      layout_cave_pods, nicolae_overflow_squiral, uniq_blork_the_orc
D:5:      layout_loops_corners, grunt_temple_overflow_opulence,
          mainiacjoe_overflow_alcove_1, kennysheep_small_spiral

Skill      XL: |  1  2  3  4  5 |
---------------+----------------+-----
Stealth        | 3 4 |  4.5
Dodging        | 3 4 |  4.1
Conjurations   | 2 3 |  3.1
Fire Magic     | 4 |  4.6
Spellcasting   | 4 |  4.7

Action                     |  1- 3 |  4- 6 || total
---------------------------+-------+-------++-------
  Melee: Unarmed           |     7 |       ||     7
         Punch             |     1 |       ||     1
   Fire: Sling             |     7 |       ||     7
   Cast: Foxfire           |   111 |    96 ||   207
         Scorch            |       |     4 ||     4
 Armour: Robe              |    26 |     1 ||    27
  Dodge: Dodged            |    16 |     2 ||    18
